 Dungeon Crawl Stone Soup version 0.22-a0-135-g6f012ad (webtiles) character file.

2655 kuniqs the Summoner (level 9, -5/59 HPs)
             Began as a Gnoll Summoner on Jan 31, 2018.
             Was a Follower of Hepliaklqana.
             Slain by a hellwing (9 damage)
             ... on level 7 of the Dungeon.
             The game lasted 00:15:48 (6540 turns).

kuniqs the Summoner (Gnoll Summoner)                Turns: 6540, Time: 00:15:49

Health: -5/59      AC:  6    Str: 12    XL:     9   Next: 62%
Magic:  11/28      EV: 15    Int: 20    God:    Hepliaklqana [*.....]
Gold:   439        SH:  0    Dex: 15    Spells: 4/21 levels left

rFire    + . .     SeeInvis .   a - +0 falchion (drain)
rCold    . . .     Gourm    .   (no shield)
rNeg     . . .     Faith    .   y - +1 leather armour {rF+}
rPois    .         Spirit   .   H - +1 hat {MR+}
rElec    .         Reflect  .   w - +0 cloak
rCorr    .         Harm     .   (no gloves)
MR       +....                  (no boots)
Stlth    ++........             (no amulet)
HPRegen  0.19/turn              v - ring of magical power
MPRegen  0.21/turn              E - ring of loudness (curse)

@: no status effects
A: distributed training, reduced essence, fangs 1, strong nose
a: Recall Ancestor, Ancestor Identity, Renounce Religion


You were on level 7 of the Dungeon.
You worshipped Hepliaklqana.
Hepliaklqana was aware of your devotion.
You were hungry.

You visited 2 branches of the dungeon, and saw 9 of its levels.

You collected 439 gold pieces.

Inventory:

Hand Weapons
 a - a +0 falchion of draining (weapon)
Armour
 w - a +0 cloak (worn)
 y - a +1 leather armour of fire resistance (worn)
 H - a +1 hat of magic resistance (worn)
Jewellery
 v - a ring of magical power (left hand)
 D - an uncursed ring of protection from fire
 E - a cursed ring of loudness (right hand)
Wands
 u - a wand of iceblast (7)
 A - a wand of polymorph (9)
Scrolls
 e - a scroll of fear {unknown}
 f - 4 scrolls of amnesia {unknown}
 h - 2 scrolls of magic mapping {unknown}
 i - 5 scrolls of teleportation {unknown}
 j - 6 scrolls of identify {unknown}
 k - 3 scrolls of enchant armour {unknown}
 l - 2 scrolls of immolation {unknown}
 o - 2 scrolls of enchant weapon {unknown}
 q - a scroll of random uselessness {unknown}
 F - 2 scrolls of remove curse {unknown}
Potions
 d - 2 potions of magic {unknown}
 g - a potion of ambrosia {unknown}
 n - 3 potions of heal wounds {unknown}
 p - a potion of flight {unknown}
 r - 2 potions of degeneration {unknown}
 s - 2 potions of agility {unknown}
 t - 3 potions of mutation {unknown}
 x - 4 potions of curing {unknown}
 z - 2 potions of resistance {unknown}
 B - 2 potions of lignification {unknown}
 C - a potion of might {unknown}
Books
 b - a book of Callings

   Spells                             Type                      Level
   a - Summon Small Mammal            Summoning                    1
   b - Call Imp                       Summoning                    2
   c - Call Canine Familiar           Summoning                    3
   d - Summon Guardian Golem          Hexes/Summoning              3
   e - Summon Lightning Spire         Summoning/Air                4
   f - Summon Ice Beast               Ice/Summoning                4
Comestibles
 c - 7 rations


   Skills:
 + Level 4.3 Fighting
 + Level 4.3 Short Blades
 + Level 4.3 Long Blades
 + Level 4.3 Axes
 + Level 4.3 Maces & Flails
 + Level 4.3 Polearms
 + Level 4.3 Staves
 + Level 4.3 Slings
 + Level 4.3 Bows
 + Level 4.3 Crossbows
 + Level 4.3 Throwing
 + Level 4.3 Armour
 + Level 6.4 Dodging
 + Level 6.1 Stealth
 + Level 4.3 Shields
 + Level 4.3 Unarmed Combat
 + Level 6.7 Spellcasting
 + Level 3.5 Conjurations
 + Level 3.5 Hexes
 + Level 3.5 Charms
 + Level 8.0 Summonings
 + Level 3.5 Necromancy
 + Level 3.5 Translocations
 + Level 3.5 Transmutations
 + Level 3.5 Fire Magic
 + Level 3.5 Ice Magic
 + Level 3.5 Air Magic
 + Level 3.5 Earth Magic
 + Level 3.5 Poison Magic
 + Level 4.8 Invocations
 + Level 4.3 Evocations


You had 4 spell levels left.
You knew the following spells:

 Your Spells              Type           Power        Failure   Level  Hunger
a - Summon Small Mammal   Summ           ####         1%          1    None
b - Call Imp              Summ           #####...     1%          2    None
c - Call Canine Familiar  Summ           #####...     1%          3    #......
d - Summon Ice Beast      Ice/Summ       ####....     11%         4    ###....
e - Summon Lightning Spi  Summ/Air       ####....     11%         4    ###....
f - Summon Guardian Gole  Hex/Summ       ####....     3%          3    #......


Dungeon Overview and Level Annotations

Branches:
Dungeon (8/15)             Temple (1/1) D:4
   Lair: D:8-11

Altars:
Ashenzari
Cheibriados
Dithmenos
Elyvilon
Fedhas
Gozag
Hepliaklqana
Kikubaaqudgha
Makhleb
Nemelex Xobeh
Sif Muna
Trog
Uskayaw
Wu Jian
Xom
Yredelemnul
Zin
The Shining One


Innate Abilities, Weirdness & Mutations

Your experience applies equally to all skills.
You have very sharp teeth.
Your uncanny sense of smell can sniff out nearby items.
Your life essence is reduced to manifest your ancestor. (-10% HP)


Message History

Your crimson imp blinks!
The hellwing hits you but does no damage.
The hellwing barely misses you.
Your shadow imp hits the hellwing but does no damage.
Unknown command.
Your white imp barely misses the hellwing.
The hellwing hits you but does no damage.
The hellwing hits you!
* * * LOW HITPOINT WARNING * * *
Your shadow imp misses the hellwing.
Your wolf bites the hellwing but does no damage.
Your white imp hits the hellwing but does no damage.
Your crimson imp blinks!
Your shadow imp closely misses the hellwing.
Your wolf bites the hellwing.
Your shadow imp hits the hellwing but does no damage.
Your wolf bites the hellwing but does no damage.
There is a stone staircase leading down, spattered with blood here.
The hellwing hits you!
You die...

###########..###.........#8####.#
#........................#.# #.#
#.#########...##.#.......#8# #.#
#.# #.....#..............# #.#
#.#####.###.#.5#.#####.....# #.#
#.....#.#####.5...####.##.## #.#
#####.#........ยง.......##.#####.#
#..#.########5h..#######.......#
#..#.# ##4@## ######### #..#.#
##># #..#.# ### #....# ###.#.#
.....## .....### .......#
.......##############


You could see a hellwing, a friendly wolf, a friendly crimson imp, a friendly
white imp and a friendly shadow imp.

Vanquished Creatures
  2 slaves (D:5)
  A phantom (D:7)
  A centaur (D:7)
  2 bullfrogs (D:7)
  2 scorpions
  A water moccasin skeleton (D:6)
  A bullfrog zombie (D:7)
  2 hounds
  A centaur skeleton (D:7)
  A gnoll shaman (D:4)
  2 orc wizards
  2 worker ants
  2 adders
  6 gnolls
  A shadow imp (D:7)
  3 adder skeletons (D:4)
  2 worms
  2 leopard geckos (D:4)
  2 orcs
  A goblin (D:1)
  5 jackals
  2 ball pythons
  A bat (D:2)
  2 frilled lizards
  A rat (D:1)
48 creatures vanquished.

Vanquished Creatures (collateral kills)
  Pikel (D:5)
  A hellwing (D:7)
  Prince Ribbit (D:5)
  Grinder (D:5)
  Sigmund (D:5)
  Eustachio (D:4)
  A wyvern (D:6)
  Edmund (D:5)
  An orc warrior (D:7)
  A sky beast (D:5)
  A slave (D:5)
  An ice beast (D:7)
  3 phantoms
  A centaur (D:6)
  A bullfrog (D:6)
  2 scorpions (D:7)
  A bullfrog zombie (D:5)
  A crimson imp (D:6)
  An orc priest (D:6)
  2 jellies
  3 orc wizards (D:7)
  Terence (D:2)
  A worker ant (D:4)
  2 gnolls (D:6)
  5 adders
  A shadow imp (D:8)
  2 oozes
  2 adder skeletons
  4 worms
  2 dart slugs
  6 leopard geckos
  6 orcs
  2 ball pythons
  8 bats
  3 giant cockroaches
  4 hobgoblins
  4 jackals
  2 quokkas (D:2)
  5 frilled lizards
  10 goblins
  8 kobolds
  2 leopard gecko zombies (D:5)
  8 rats
115 creatures vanquished.

Vanquished Creatures (others)
  4 ancestors
  A leopard gecko (D:5)
  A withered plant (D:8)
6 creatures vanquished.

Grand Total: 169 creatures vanquished

Notes
Turn   | Place    | Note
-------+----------+-------------------------------------------
     0 | D:1      | kuniqs the Gnoll Summoner began the quest for the Orb.
     0 | D:1      | Reached XP level 1. HP: 13/13 MP: 6/6
   173 | D:1      | Reached XP level 2. HP: 19/19 MP: 7/7
   184 | D:1      | Learned a level 2 spell: Call Imp
   804 | D:2      | Reached XP level 3. HP: 24/25 MP: 7/9
   843 | D:2      | Learned a level 3 spell: Call Canine Familiar
   874 | D:2      | Reached skill level 5 in Spellcasting
  1320 | D:2      | Reached skill level 1 in Invocations
  1402 | D:2      | Reached skill level 1 in Fighting
  1402 | D:2      | Reached skill level 1 in Short Blades
  1402 | D:2      | Reached skill level 1 in Long Blades
  1402 | D:2      | Reached skill level 1 in Axes
  1402 | D:2      | Reached skill level 1 in Maces & Flails
  1402 | D:2      | Reached skill level 1 in Polearms
  1402 | D:2      | Reached skill level 1 in Staves
  1402 | D:2      | Reached skill level 1 in Slings
  1402 | D:2      | Reached skill level 1 in Bows
  1402 | D:2      | Reached skill level 1 in Crossbows
  1402 | D:2      | Reached skill level 1 in Throwing
  1402 | D:2      | Reached skill level 1 in Armour
  1402 | D:2      | Reached skill level 1 in Shields
  1402 | D:2      | Reached skill level 1 in Unarmed Combat
  1402 | D:2      | Reached skill level 1 in Evocations
  1438 | D:2      | Reached XP level 4. HP: 31/32 MP: 7/11
  1589 | D:2      | Noticed Terence
  1598 | D:2      | Killed Terence
  2309 | D:3      | Found a faded altar of an unknown god.
  2627 | D:4      | Reached skill level 1 in Conjurations
  2627 | D:4      | Reached skill level 1 in Hexes
  2627 | D:4      | Reached skill level 1 in Charms
  2627 | D:4      | Reached skill level 1 in Necromancy
  2627 | D:4      | Reached skill level 1 in Translocations
  2627 | D:4      | Reached skill level 1 in Transmutations
  2627 | D:4      | Reached skill level 1 in Fire Magic
  2627 | D:4      | Reached skill level 1 in Ice Magic
  2627 | D:4      | Reached skill level 1 in Air Magic
  2627 | D:4      | Reached skill level 1 in Earth Magic
  2627 | D:4      | Reached skill level 1 in Poison Magic
  2715 | D:4      | Found a faded altar of an unknown god.
  2715 | D:4      | Found a shadowy altar of Dithmenos.
  2720 | D:4      | Found a white marble altar of Elyvilon.
  2724 | D:4      | Found a hide-covered altar of Uskayaw.
  2730 | D:4      | Found a deep blue altar of Sif Muna.
  2991 | D:4      | Reached XP level 5. HP: 35/37 MP: 12/12
  3385 | D:4      | Found a staircase to the Ecumenical Temple.
  3385 | D:4      | Noticed a phantom
  3405 | D:4      | Killed a phantom
  3405 | D:4      | Reached XP level 6. HP: 31/44 MP: 14/14
  3412 | Temple   | Entered the Ecumenical Temple
  3442 | Temple   | Became a worshipper of Hepliaklqana the Forgotten
  3511 | D:4      | Noticed Eustachio
  3523 | D:4      | Killed Eustachio
  3523 | D:4      | Reached skill level 5 in Dodging
  3644 | D:4      | Reached XP level 7. HP: 42/45 MP: 15/15
  3891 | D:5      | Entered Level 5 of the Dungeon
  3952 | D:5      | Noticed Pikel
  3961 | D:5      | Killed Pikel
  3961 | D:5      | Reached skill level 5 in Stealth
  3962 | D:5      | Noticed Prince Ribbit
  3980 | D:5      | Killed Prince Ribbit
  3980 | D:5      | Reached XP level 8. HP: 21/51 MP: 16/16
  4279 | D:4      | Found a glowing silver altar of Zin.
  4308 | D:5      | Noticed Edmund
  4327 | D:5      | Killed Edmund
  4410 | D:5      | Noticed Grinder
  4429 | D:5      | Killed Grinder
  4475 | D:5      | Noticed Sigmund
  4487 | D:5      | Killed Sigmund
  4580 | D:5      | Noticed a moth of wrath
  4583 | D:5      | Found a bloodstained altar of Trog.
  4749 | D:6      | Reached * piety under Hepliaklqana
  4956 | D:6      | Found a glowing golden altar of the Shining One.
  5012 | D:6      | Reached XP level 9. HP: 38/58 MP: 18/18
  5801 | D:7      | Learned a level 4 spell: Summon Ice Beast
  5806 | D:7      | Learned a level 4 spell: Summon Lightning Spire
  5810 | D:7      | Learned a level 3 spell: Summon Guardian Golem
  5899 | D:7      | Reached skill level 8 in Summonings
  6304 | D:8      | Noticed a hellwing
  6305 | D:8      | Noticed a hellwing
  6349 | D:7      | Killed a hellwing
  6540 | D:7      | Slain by a hellwing

Vault maps used:
D:1:      onia_arrival_mini_spirals, serial_glass, glass_columns_a,
          glass_columns_a, hangedman_decor_opposing
D:2:      minmay_door_path, uniq_terence
D:3:      chequers_ecumenical_altar_island
D:4:      lemuel_upstairs_altar, chequers_temple_overflow_minitemple,
          minmay_temple_entry_glassed_door, first_ration, uniq_eustachio
D:5:      tgw_trog, uniq_edmund, uniq_pikel, uniq_prince_ribbit1, uniq_sigmund,
          uniq_grinder
D:6:      tso_oasis_becter
D:8:      cheibrodos_grave_circle, grunt_temple_overflow_diamond,
          nicolae_ru_the_path_less_chosen, lair_entry_dummy, basic_altar,
          uniq_gastronok
Temple:   minmay_temple_bridge_abc

Skill      XL: |  1  2  3  4  5  6  7  8  9 |
---------------+----------------------------+-----
Spellcasting   | 5 6 |  6.7
Invocations    | 1 2 3 4 |  4.8
Fighting       | 1 2 3 4 |  4.3
Short Blades   | 1 2 3 4 |  4.3
Long Blades    | 1 2 3 4 |  4.3
Axes           | 1 2 3 4 |  4.3
Maces & Flails | 1 2 3 4 |  4.3
Polearms       | 1 2 3 4 |  4.3
Staves         | 1 2 3 4 |  4.3
Slings         | 1 2 3 4 |  4.3
Bows           | 1 2 3 4 |  4.3
Crossbows      | 1 2 3 4 |  4.3
Throwing       | 1 2 3 4 |  4.3
Armour         | 1 2 3 4 |  4.3
Shields        | 1 2 3 4 |  4.3
Unarmed Combat | 1 2 3 4 |  4.3
Evocations     | 1 2 3 4 |  4.3
Conjurations   | 1 2 3 |  3.5
Hexes          | 1 2 3 |  3.5
Charms         | 1 2 3 |  3.5
Necromancy     | 1 2 3 |  3.5
Translocations | 1 2 3 |  3.5
Transmutations | 1 2 3 |  3.5
Fire Magic     | 1 2 3 |  3.5
Ice Magic      | 1 2 3 |  3.5
Air Magic      | 1 2 3 |  3.5
Earth Magic    | 1 2 3 |  3.5
Poison Magic   | 1 2 3 |  3.5
Dodging        | 5 6 |  6.4
Stealth        | 5 6 |  6.1
Summonings     | 8 |  8.0

Action                   |  1- 3 |  4- 6 |  7- 9 || total
-------------------------+-------+-------+-------++-------
Melee: Short sword       |    46 |     2 |       ||    48
       Bite              |     7 |     5 |    37 ||    49
       Great sword       |       |    29 |       ||    29
       Falchion          |       |    19 |   220 ||   239
       Punch             |       |       |     5 ||     5
 Cast: Summon Small Mamm |    10 |       |       ||    10
       Call Imp          |     9 |     3 |    21 ||    33
       Call Canine Famil |     6 |    12 |    23 ||    41
       Summon Guardian G |       |       |     5 ||     5
 Stab: Sleeping          |       |     3 |     2 ||     5
       Distracted        |       |       |     2 ||     2
  Eat: Chunk             |     2 |     8 |     9 ||    19
Armor: Robe              |    18 |    13 |       ||    31
       Leather armour    |       |     3 |    55 ||    58
Dodge: Dodged            |    73 |    54 |   179 ||   306
       Rpst.: Great sword |       |     8 |       ||     8
       Falchion          |       |     4 |    42 ||    46

Table legend:
 A = Spawn XP
 B = Non-spawn XP
 C = Spawn XP percentage of total XP
 D = Spawn monster count
 E = Non-spawn monster count
 F = Spawn count percentage of total count
 G = Total turns spent on level
                    A         B        C        D         E        F      G
               +---------+---------+-------+---------+---------+-------+---------
         Total |       0 |    3793 |   0.0 |       0 |     160 |   0.0 |  6540
               +---------+---------+-------+---------+---------+-------+---------
           D:1 |       0 |      21 |   0.0 |       0 |      15 |   0.0 |   724
           D:2 |       0 |      82 |   0.0 |       0 |      33 |   0.0 |  1220
           D:3 |       0 |      24 |   0.0 |       0 |      18 |   0.0 |   660
           D:4 |       0 |     606 |   0.0 |       0 |      29 |   0.0 |  1262
           D:5 |       0 |    1197 |   0.0 |       0 |      16 |   0.0 |   781
           D:6 |       0 |     743 |   0.0 |       0 |      18 |   0.0 |   691
           D:7 |       0 |    1104 |   0.0 |       0 |      29 |   0.0 |  1118
           D:8 |       0 |      16 |   0.0 |       0 |       2 |   0.0 |    33
               +---------+---------+-------+---------+---------+-------+---------
